 Dungeon Crawl Stone Soup version 0.30-a0-459-g9104f0fc43 (webtiles) character file.

Game seed: 3259148784339164239

63 NinjaNoafa the Caller (level 3, 0/14 HPs)
             Began as a Felid Summoner on Dec 15, 2022.
             Slain by an ufetubus (1 damage)
             ... on level 5 of the Dungeon.
             The game lasted 00:04:35 (2574 turns).

NinjaNoafa the Caller (Felid Summoner)              Turns: 2574, Time: 00:04:35

Health: 0/14       AC:  1    Str: 10    XL:     3   Next: 87%
Magic:  2/8        EV: 17    Int: 18    God:
Gold:   171        SH:  0    Dex: 16    Spells: 2/8 levels left
                                        Lives:  0   Deaths: 0

rFire   . . .      SeeInvis +    (weapon unavailable)
rCold   . . .      Faith    .    (shield unavailable)
rNeg    . . .      Spirit   .    (body armour unavailable)
rPois   .          Reflect  .    (helmet unavailable)
rElec   .          Harm     .    (cloak unavailable)
rCorr   .          Rampage  .    (gloves unavailable)
Will    .....                    (boots unavailable)
Stlth   ++........               (no amulet)
HPRegen 0.22/turn                h - +6 ring of strength
MPRegen 0.11/turn                (no ring)

@: quick
A: very small, claws 1, fangs 3, see invisible, speed 1, shaggy fur 1, stealthy
paws, no weapons or thrown items, no armour, multi-lived
a: no special abilities


You were on level 5 of the Dungeon.
You visited 1 branch of the dungeon, and saw 5 of its levels.

You collected 171 gold pieces.

Inventory:

Jewellery
 h - a +6 ring of strength (left paw)
Scrolls
 b - a scroll of fear {unknown}
 c - 2 scrolls of identify {unknown}
 f - a scroll of teleportation {unknown}
 i - a scroll of silence {unknown}
 j - a scroll of brand weapon {unknown}
 k - a scroll of enchant armour {unknown}
Potions
 a - a potion of magic
 d - a potion of mutation {unknown}
 e - a potion of lignification {unknown}
 g - a potion of might {unknown}


   Skills:
 - Level 2.6 Dodging
 - Level 2.6 Stealth
 + Level 3.1 Spellcasting
 + Level 4.8 Summonings


You had 2 spell levels left.
You knew the following spells:

 Your Spells              Type           Power      Damage    Failure   Level
a - Summon Small Mammal   Summ           80%        N/A       2%          1
b - Call Imp              Summ           20%        N/A       3%          2
c - Call Canine Familiar  Summ           20%        N/A       7%          3

Your spell library contained the following spells:

 Spells                   Type           Power      Damage    Failure   Level
 Summon Guardian Golem    Hex/Summ       11%        N/A       19%         3
 Summon Lightning Spire   Summ/Air       11%        N/A       52%         4
 Animate Dead             Necr           2%         N/A       85%         4
 Haunt                    Necr/Summ      5%         N/A       100%        7
 Infestation              Necr           1%         N/A       100%        8


Dungeon Overview and Level Annotations

Branches:
Dungeon (6/15)
 Temple: D:4-7

Altars:

Annotations:
D:5 Blork the orc


Innate Abilities, Weirdness & Mutations

You have sharp claws.
You have razor-sharp teeth.
You have supernaturally acute eyesight. (SInv)
You cover ground quickly. (Speed+)
You are covered in fur. (AC +1)
Your paws help you pounce on unaware monsters.
You are incapable of wielding weapons or throwing items.
You cannot wear armour.
You gain extra lives every three experience levels.


Message History

Confirm with . or Enter, or press ? or * to list all spells.
Your hound closely misses the adder.
The adder barely misses your hound.
Your crimson imp hits the ufetubus but does no damage.
The ufetubus closely misses you.
The ufetubus hits you but does no damage.
Your hound misses the adder.
Your hound closely misses the adder.
Your crimson imp barely misses the ufetubus.
Casting: Summon Small Mammal (safe; 2% risk of failure)
Confirm with . or Enter, or press ? or * to list all spells.
Your hound looks more healthy.
The ufetubus misses you. x2; Your hound bites the adder.
Your crimson imp closely misses the ufetubus.
The ufetubus hits you. The ufetubus misses you.
Your quokka misses the ufetubus. The adder attacks as you move away!
The adder bites you.
Your crimson imp barely misses the ufetubus.
Your hound bites the adder.
Your quokka completely misses the ufetubus.
The ufetubus completely misses you. The ufetubus misses you.
Your rat barely misses the adder.
The adder misses you.
Your crimson imp closely misses the ufetubus.
Your quokka bites the ufetubus but does no damage.
The ufetubus closely misses you. The ufetubus misses you.
Your hound closely misses the adder.
Your quokka bites the ufetubus.
The adder closely misses you. The ufetubus hits you.
The ufetubus closely misses you.
Your rat bites the ufetubus.
Your quokka misses the ufetubus. The ufetubus hits your rat.
The ufetubus barely misses your rat. The adder bites your rat.
Your rat dies!
Your rat's corpse disappears in a puff of smoke!
Your crimson imp completely misses the adder.
Your quokka closely misses the ufetubus.
The ufetubus shouts!
The adder bites your hound but does no damage.
Your hound completely misses the adder.
The ufetubus hits you.
* * * LOW HITPOINT WARNING * * *
The ufetubus hits you.
You die...

.....#.................#
'##..#.................#
.##..###......#'########
..#..).#......#....#
..+....#......'....# ......#
..#....#......#....# ......+
..#....#......#....# ......#
.#######......#######......#
.# .....##'###.@..........#
.. .... +......5..........#
..+ ... #.....rh..........#
#.....S.5.....?...#
#...###...####...<# #####
##### ..# #


You could see an adder (ally target), an ufetubus (ally target), a friendly
hound (summoned), a friendly crimson imp (summoned) and a friendly quokka
(summoned).

Vanquished Creatures
  A bat (D:1)
1 creature vanquished.

Vanquished Creatures (collateral kills)
  2 adders (D:2)
  2 worms (D:2)
  A dart slug (D:3)
  3 ball pythons
  A bat (D:3)
  6 endoplasms
  3 giant cockroaches
  A goblin (D:2)
  2 hobgoblins
  2 quokkas (D:1)
  3 frilled lizards
  7 kobolds
  4 rats
37 creatures vanquished.

Grand Total: 38 creatures vanquished

Notes
Turn   | Place    | Note
-------+----------+-------------------------------------------
     0 | D:1      | NinjaNoafa the Felid Summoner began the quest for the Orb.
     0 | D:1      | Reached XP level 1. HP: 7/7 MP: 4/4
   229 | D:1      | Reached XP level 2. HP: 8/11 MP: 3/6
  1186 | D:2      | Learned a level 2 spell: Call Imp
  1318 | D:2      | Reached XP level 3. HP: 14/14 MP: 4/8
  1337 | D:2      | Identified the +5 chain mail of the Bruised Dances {rF+++
                  | Str-5 Int-5}
  1988 | D:2      | Learned a level 3 spell: Call Canine Familiar
  2467 | D:3      | You fall into a shaft and drop 3 floors!
  2470 | D:5      | Entered Level 5 of the Dungeon
  2521 | D:5      | Noticed Blork the orc
  2574 | D:5      | Slain by an ufetubus

Illustrated notes

Levels and vault maps discovered:
D:1:      shiori_arrival_maze, layout_basic, patterned_corridor
D:2:      layout_basic
D:3:      layout_basic
D:5:      layout_gridville, minmay_temple_entry_steel_oval, uniq_pikel,
          uniq_grinder, uniq_blork_the_orc, uniq_ijyb
D:6:      layout_gridville, hangedman_decor_points

Skill      XL: |  1  2  3 |
---------------+----------+-----
Spellcasting   | 3 |  3.1
Dodging        | |  2.6
Stealth        | |  2.6
Summonings     | |  4.8

Action                   || total
-------------------------++-------
Melee: Unarmed           ||     2
 Cast: Summon Small Mamm ||    85
       Call Imp          ||    15
       Call Canine Famil ||     3
Armor: Skin              ||     4
Dodge: Dodged            ||    64

Table legend: (Time is in decaauts)
 A = Elapsed time spent in this place.
 B = Non-inter-level travel time spent in this place.
 C = Inter-level travel time spent in this place.
 D = Time resting spent in this place.
 E = Time spent auto-exploring this place.
 F = Levels seen in this place.
 G = Mean time per level.
                   A        B        C        D        E       F      G
               +--------+--------+--------+--------+--------+-----+--------+
         Total |   2278 |   2202 |     76 |      0 |   1558 |   5 |  455.6 |
       Dungeon |   2278 |   2202 |     76 |      0 |   1558 |   5 |  455.6 |
               +--------+--------+--------+--------+--------+-----+--------+

Top non-repeatable levels by time:
     D:2: 971 daAuts
     D:1: 872 daAuts
     D:3: 346 daAuts
     D:5: 86 daAuts
     D:6: 2 daAuts
